 Dungeon Crawl Stone Soup version 0.20.0 (webtiles) character file.

82 MatthieuS the Stinger (level 4, -1/24 HPs)
             Began as a Gargoyle Venom Mage on June 22, 2017.
             Engulfed by a cloud of flame (15 damage)
             ... on level 3 of the Dungeon.
             The game lasted 00:06:18 (2538 turns).

MatthieuS the Stinger (Gargoyle Venom Mage)         Turns: 2538, Time: 00:06:18

Health: -1/24      AC:  9    Str: 12    XL:     4   Next: 43%
Magic:  7/7        EV: 10    Int: 16    God:
Gold:   64         SH:  0    Dex: 10    Spells: 2/8 levels left

rFire    . . .     SeeInvis .   o - +0 hunting sling
rCold    . . .     Gourm    .   (no shield)
rNeg     + . .     Faith    .   n - +0 ring mail (curse)
rPois    ∞         Spirit   .   q - +0 helmet
rElec    +         Reflect  .   (no cloak)
rCorr    .         Harm     .   (no gloves)
MR       .....                  (no boots)
Stlth    +.........             (no amulet)
Regen    0.1/turn               (no ring)
MPRegen  0.1/turn               (no ring)

@: no status effects
A: negative energy resistance 1, electricity resistance, unbreathing,
petrification resistance, rot immunity, AC +3
a: no special abilities


You were on level 3 of the Dungeon.
You were not hungry.

You visited 1 branch of the dungeon, and saw 3 of its levels.

You collected 64 gold pieces.

Inventory:

Hand Weapons
 i - a +0 mace
 m - a +0 dagger
 o - a +0 hunting sling (weapon)
Missiles
 j - 2 throwing nets
 k - 4 tomahawks
 l - 53 stones (quivered)
Armour
 a - a +0 robe
 n - a cursed +0 ring mail (worn)
 q - a +0 helmet (worn)
Potions
 e - 3 potions of might
 g - a potion of degeneration {unknown}
 h - 4 potions of curing {unknown}
 p - a potion of magic {unknown}
Books
 b - a Young Poisoner's Handbook

   Spells                             Type                      Level
   a - Sting                          Conjuration/Poison           1
   b - Poisonous Vapours              Poison/Air                   2
   c - Mephitic Cloud                 Conjuration/Poison/Air       3
   d - Olgreb's Toxic Radiance        Poison                       4
   e - Venom Bolt                     Conjuration/Poison           5
Comestibles
 c - 5 bread rations
 d - 2 fruits
 f - a chunk of flesh


   Skills:
 - Level 1.5 Dodging
 - Level 2.1 Stealth
 + Level 2.5 Spellcasting
 + Level 2.4 Conjurations
 * Level 4.2 Poison Magic


You had 2 spell levels left.
You knew the following spells:

 Your Spells              Type           Power        Failure   Level  Hunger
a - Sting                 Conj/Pois      ##..         12%         1    #......
b - Poisonous Vapours     Pois/Air       #.....       28%         2    ##.....
c - Mephitic Cloud        Conj/Pois/Air  #.......     47%         3    ###....


Dungeon Overview and Level Annotations

Branches:
Dungeon (3/15)

Altars:
Vehumet


Innate Abilities, Weirdness & Mutations

You are resistant to torment.
Your stone body is resilient. (AC +3)
You are immune to poison.
You resist negative energy. (rN+)
You are resistant to electric shocks. (rElec)
You can survive without breathing.
You are immune to petrification.
You are immune to rotting.


Message History

You butcher the quokka corpse.
f - 2 chunks of flesh (gained 1)
l - 50 stones (gained 4)
l - 53 stones (gained 3)
There isn't anything here!
You start resting.
Eating one of 2 chunks of flesh.
You eat one of the 2 chunks of flesh.
This raw flesh tastes terrible.
HP restored.
You start resting.
Magic restored.
Found a radiant altar of Vehumet.
Found a smoky dark potion.
Really walk into a travel-excluded area? [Y]es or [N]o only, please.
Really walk into a travel-excluded area?
Found 3 gold pieces.
Found a stone staircase leading up.
You are engulfed in blazing flames.
You are engulfed in blazing flames.
Ouch! That really hurt!
You die...

####..####..#
#.<...#.##
#.###.#.# #.#
#.#.#
#.###<#.#
#....!..####
#####......##
.......§§...#
#####..@§.§$#
.......§....#
######.§....#
##.###.# #..
.# #.# # #.#
#.#


There were no monsters in sight!

Vanquished Creatures
  2 adders (D:2)
  An ooze (D:2)
  2 worms (D:2)
  2 dart slugs (D:1)
  A leopard gecko (D:1)
  5 bats
  A giant cockroach (D:1)
  4 goblins
  3 hobgoblins
  10 jackals
  2 quokkas
  6 frilled lizards
  4 kobolds
  5 rats
48 creatures vanquished.

Notes
Turn   | Place    | Note
-------+----------+-------------------------------------------
     0 | D:1      | MatthieuS the Gargoyle Venom Mage began the quest for the Orb.
     0 | D:1      | Reached XP level 1. HP: 10/10 MP: 3/3
   396 | D:1      | Reached XP level 2. HP: 15/15 MP: 0/5
   935 | D:1      | Reached XP level 3. HP: 14/19 MP: 1/6
  1051 | D:1      | Learned a level 2 spell: Poisonous Vapours
  1055 | D:1      | Learned a level 3 spell: Mephitic Cloud
  2036 | D:2      | Reached skill level 4 in Poison Magic
  2036 | D:2      | Reached XP level 4. HP: 22/24 MP: 7/7
  2531 | D:3      | Found a radiant altar of Vehumet.
  2538 | D:3      | Engulfed by a cloud of flame

Skill      XL: |  1  2  3 |
---------------+----------+-----
Conjurations   | 2 |  2.4
Poison Magic   | 4 |  4.2
Dodging        | |  1.5
Stealth        | |  2.1
Spellcasting   | |  2.5

Action                   |  1- 3 |  4- 6 || total
-------------------------+-------+-------++-------
Melee: Unarmed           |     8 |       ||     8
       Dagger            |    36 |       ||    36
 Fire: Hunting sling     |    71 |    41 ||   112
Throw: Stone             |     5 |       ||     5
       Tomahawk          |     4 |       ||     4
 Cast: Sting             |    38 |    15 ||    53
  Use: Scroll            |     2 |       ||     2
  Eat: Chunk             |     4 |     2 ||     6
Armor: Robe              |     5 |       ||     5
       Ring mail         |    42 |    40 ||    82
Dodge: Dodged            |    57 |    43 ||   100
